 Dungeon Crawl Stone Soup version 0.30-a0-824-g6c64550be9 (webtiles) character file.

Game seed: 12155851306641485443

6563 kiwi3s the Cleaver (level 10, -13/94 HPs)
             Began as a Minotaur Berserker on Feb 27, 2023.
             Was a High Priest of Trog.
             Killed from afar by an acid dragon (20 damage)
             ... with a splash of acid
             ... on level 9 of the Dungeon.
             The game lasted 00:10:32 (9036 turns).

kiwi3s the Cleaver (Minotaur Berserker)             Turns: 9036, Time: 00:10:33

Health: -13/94     AC:  8    Str: 34    XL:     10   Next: 70%
Magic:  9/9        EV: 14    Int:  4    God:    Trog [*****.]
Gold:   262        SH:  0    Dex: 10    Spells: 9/9 levels left

rFire   . . .      SeeInvis .    a - +0 hand axe
rCold   . . .      Faith    .    (no shield)
rNeg    . . .      Spirit   .    s - +0 leather armour
rPois   .          Reflect  .    (helmet restricted)
rElec   .          Harm     +    (no cloak)
rCorr   .          Rampage  .    o - +1 pair of gloves {hurl}
Will    .....                    r - +0 pair of boots "Yqiugoog" {Harm Str+2}
Stlth   +                        (no amulet)
HPRegen 0.35/turn                n - +4 ring of protection
MPRegen 0.11/turn                D - +6 ring of strength

@: corroded
A: horns 2, retaliatory headbutt
a: Renounce Religion, Berserk, Trog's Hand, Brothers in Arms


You were on level 9 of the Dungeon.
You worshipped Trog.
Trog was extremely pleased with you.
You visited 1 branch of the dungeon, and saw 9 of its levels.
You also visited: Sewer.

You collected 462 gold pieces.
You spent 200 gold pieces at shops.

Inventory:

Hand Weapons
 a - a +0 hand axe (weapon)
 t - the +9 whip "With Two Names" {venom, Int+8 Dex+5 Stlth-}
   (You found it on level 3 of the Dungeon)

   Int:       It affects your intelligence (+8).
   Dex:       It affects your dexterity (+5).
   Stlth:     It makes you less stealthy.
Missiles
 C - 2 boomerangs (quivered)
 L - 6 javelins
Armour
 b - a +0 animal skin
 o - a +1 pair of gloves of hurling (worn)
 r - the +0 pair of boots "Yqiugoog" (worn) {Harm Str+2}
   (You found it on level 2 of the Dungeon)

   Str:       It affects your strength (+2).
   Harm:      It increases damage dealt and taken.
 s - a +0 leather armour (worn)
 G - a +0 chain mail
Jewellery
 m - a ring of willpower
 n - a +4 ring of protection (left hand)
 u - an amulet of magic regeneration
 D - a +6 ring of strength (right hand)
 N - a ring of poison resistance
Wands
 I - a wand of polymorph (7)
 J - a wand of paralysis (4)
 M - a wand of flame (12)
Scrolls
 h - 8 scrolls of identify
 i - a scroll of fear {unknown}
 k - 5 scrolls of teleportation {unknown}
 l - 4 scrolls of amnesia {unknown}
 p - 2 scrolls of fog {unknown}
 v - a scroll of silence
 x - a scroll of enchant armour {unknown}
 y - a scroll of summoning {unknown}
 A - a scroll of brand weapon {unknown}
 F - 2 scrolls of noise {unknown}
 H - 2 scrolls of poison {unknown}
 K - a scroll of enchant weapon {unknown}
 O - a scroll of vulnerability {unknown}
Potions
 c - 10 potions of curing
 d - 5 potions of flight
 e - 2 potions of might
 f - 2 potions of haste
 g - 2 potions of invisibility {unknown}
 j - 4 potions of berserk rage {unknown}
 q - 2 potions of degeneration {unknown}
 w - a potion of brilliance {unknown}
 z - 2 potions of heal wounds {unknown}
 B - 2 potions of lignification {unknown}
 E - a potion of ambrosia {unknown}
 P - 2 potions of mutation {unknown}
 Q - a potion of resistance {unknown}


   Skills:
 + Level 10.4 Fighting
 + Level 10.5 Axes
 + Level 10.1 Armour
 + Level 9.3 Dodging


You had 9 spell levels left.
You didn't know any spells.
Your spell library was empty.

Dungeon Overview and Level Annotations

Branches:
Dungeon (9/15)             Temple (0/1) D:6           Sewer (visited)
   Lair: D:8-11         Orc: D:9-12

Altars:
Cheibriados
Dithmenos
Fedhas
Gozag
Kikubaaqudgha
Okawaru
Vehumet
Wu Jian
Zin

Shops:
D:1 !   D:3 :   D:5 :   D:6 :   D:8 *   D:9 :


Innate Abilities, Weirdness & Mutations

You have a pair of horns on your head.
You reflexively headbutt those who attack you in melee.


Message History

You headbutt the orc warrior. You hit the orc warrior.
The orc warrior is heavily wounded.
You hit the orc wizard but do no damage.
The orc warrior hits you but does no damage.
You hit the orc warrior but do no damage.
The orc warrior is heavily wounded.
You slash the orc wizard! The acid dragon spits acid at you.
The splash of acid hits you!!
You hit the orc wizard but do no damage.
You headbutt the orc wizard.
You kill the orc wizard!
Trog accepts your kill.
Trog appreciates your killing of a magic user.
You hear a splash. x2
You closely miss the orc warrior.
The orc warrior hits you with a +0 trident!
You hit the orc warrior but do no damage.
You headbutt the orc warrior!
You kill the orc warrior!
Trog accepts your kill.
A kobold brigand comes into view.
It is wielding a +0 whip and quivering poisoned darts.
The kobold brigand shouts!
You hear a shout!
A two-headed ogre comes into view. It is wielding two +0 giant clubs.
The orc warrior closely misses you.
The kobold brigand moves out of view.
The acid dragon spits acid at you. The splash of acid hits you!!
The acid corrodes you!
The gnoll bouda barks out a call to the hunt!
You hear a shout!
The orc warrior attacks as you move away!
The orc warrior hits you but does no damage.
A wight comes into view. It is wielding a +5 hand axe.
The acid dragon spits acid at you. The splash of acid hits you!!
* * * LOW HITPOINT WARNING * * *
You hear a shout!
You hear two shouts!
The acid dragon spits acid at you. The splash of acid hits you!
You die...

O...#....#.. ..'....+. #+#
.#....#.
..#############''''#######
gg#.......................
###~≈~≈~~~~~≈~~.g.))D~~~≈~
≈≈≈≈≈≈≈≈≈≈≈≈≈≈~....≈≈≈≈≈≈≈
~~~~~~~~≈~~~≈~~.o..~≈~~~~~
......††........@......z..
#....#.)..##.##.#.##.#####
######..........#.# .#
#..........#.# .#
#..........#.# #
#..........#..
..#.#..........#..
#..#.#....###+#.#..
#....#....P...#.#


You could see an orc warrior, an acid dragon (catching breath), a gnoll bouda
and a wight.

Vanquished Creatures
  2 two-headed ogres (D:9)
  Grinder (D:3)
  Sigmund (D:3)
  A wyvern (D:8)
  A yak (D:9)
  2 steam dragons
  4 wargs (D:9)
  2 water moccasins
  A sky beast (D:7)
  An orc warrior (D:9)
  4 black bears
  2 ogres (D:5)
  2 centaurs
  A phantom (D:3)
  3 kobold brigands
  3 necrophages
  4 bullfrogs
  3 gnoll sergeants
  3 scorpions
  13 wights
  2 howler monkeys
  5 orc priests
  2 hounds
  3 jellies
  2 gnoll boudas
  4 iguanas
  3 orc wizards
  9 adders
  25 gnolls
  8 river rats
  A shadow imp (D:7)
  2 ufetubi
  12 worms
  7 dart slugs
  30 orcs
  14 endoplasms
  13 giant cockroaches
  12 hobgoblins
  2 quokkas (D:1)
  6 ball pythons
  6 bats
  3 frilled lizards
  11 goblins
  30 kobolds
  11 rats
277 creatures vanquished.

Vanquished Creatures (others)
  5 fungi (D:9)
  9 plants (D:9)
14 creatures vanquished.

Grand Total: 291 creatures vanquished

Notes
Turn   | Place    | Note
-------+----------+-------------------------------------------
     0 | D:1      | kiwi3s the Minotaur Berserker began the quest for the Orb.
     0 | D:1      | Reached XP level 1. HP: 19/19 MP: 0/0
   174 | D:1      | Reached XP level 2. HP: 27/27 MP: 1/1
   294 | D:1      | Reached XP level 3. HP: 28/33 MP: 2/2
   317 | D:1      | Found Fagucw's Distillery.
   361 | D:1      | Reached ** piety under Trog
   981 | D:2      | Reached XP level 4. HP: 36/40 MP: 3/3
  1103 | D:2      | Identified the +0 pair of boots "Yqiugoog" {Harm Str+2}
  1315 | D:3      | Reached *** piety under Trog
  1444 | D:3      | Found Fummafikh's Book Boutique.
  1485 | D:3      | Identified the +9 whip "With Two Names" {venom, Int+8 Dex+5
                  | Stlth-}
  1703 | D:3      | Noticed Grinder
  1710 | D:3      | Paralysed by Grinder for 4 turns
  1725 | D:3      | HP: 1/41 [Grinder (3)]
  1726 | D:3      | Killed Grinder
  1727 | D:3      | Reached skill level 5 in Fighting
  1727 | D:3      | Reached skill level 5 in Axes
  1727 | D:3      | Reached XP level 5. HP: 1/48 MP: 4/4
  1727 | D:3      | Reached XP level 6. HP: 2/56 MP: 5/5
  1937 | D:3      | Noticed Sigmund
  1942 | D:3      | Killed Sigmund
  2136 | D:3      | Found an iron altar of Okawaru.
  2325 | D:3      | Reached skill level 5 in Armour
  2325 | D:3      | Reached XP level 7. HP: 62/62 MP: 6/6
  2685 | D:4      | Found a glowing drain.
  2696 | Sewer    | Entered a sewer
  2987 | Sewer    | Reached **** piety under Trog
  3156 | Sewer    | Reached skill level 5 in Dodging
  3543 | D:4      | Found a radiant altar of Vehumet.
  3846 | D:4      | Found a glowing silver altar of Zin.
  4013 | D:5      | Entered Level 5 of the Dungeon
  4207 | D:5      | Reached XP level 8. HP: 71/71 MP: 7/7
  4330 | D:5      | Identified the +3 buckler of Daffodils {rC+}
  4979 | D:5      | Found Sistonlo's Book Shop.
  5289 | D:1      | Bought a potion of flight for 30 gold pieces
  5289 | D:1      | Bought a potion of might for 40 gold pieces
  5289 | D:1      | Bought a potion of haste for 100 gold pieces
  5289 | D:1      | Bought a potion of curing for 30 gold pieces
  5587 | D:6      | Reached XP level 9. HP: 79/81 MP: 8/8
  5654 | D:6      | Reached ***** piety under Trog
  5937 | D:6      | Found Ytheirhui's Vocational Training.
  6016 | D:6      | Found a shadowy altar of Dithmenos.
  6080 | D:6      | Found a blossoming altar of Fedhas.
  6316 | D:6      | Found a staircase to the Ecumenical Temple.
  6924 | D:7      | Found an ancient bone altar of Kikubaaqudgha.
  7663 | D:8      | Found an ornate altar of the Wu Jian Council.
  7791 | D:8      | Found Gozag's Platinum Reserve.
  7794 | D:8      | Found an opulent altar of Gozag.
  7805 | D:8      | Reached XP level 10. HP: 75/91 MP: 9/9
  7883 | D:8      | Received a gift from Trog
  8028 | D:8      | Found a snail-covered altar of Cheibriados.
  8483 | D:9      | Found Ziytem's Book Boutique.
  8491 | D:9      | Noticed a two-headed ogre
  8499 | D:9      | Killed a two-headed ogre
  8661 | D:9      | Reached skill level 10 in Axes
  8718 | D:9      | Noticed a two-headed ogre
  8727 | D:9      | Killed a two-headed ogre
  8728 | D:9      | Reached skill level 10 in Fighting
  8922 | D:9      | Reached skill level 10 in Armour
  9033 | D:9      | Noticed a two-headed ogre
  9036 | D:9      | Killed from afar by an acid dragon

Illustrated notes

Levels and vault maps discovered:
D:1:      mrwooster_arrival_statue_2, layout_basic, serial_shops,
          nicolae_shop_hallway_plus
D:2:      minmay_roachtagon, layout_basic, grunt_ministairs_1
D:3:      layout_basic, okawaru_altar_gauntlet_db, serial_shops,
          nicolae_shop_window_shopping, uniq_grinder, uniq_sigmund
D:4:      layout_basic, mainiacjoe_overflow_surrounded_room, lemuel_round_altar,
          lightli_sewer_entry_pipes, wad_floor_pattern_2, minmay_starry_boxes
D:5:      layout_basic, serial_shops, shop
D:6:      layout_gridville, grunt_dithmenos_smoke_and_mirrors,
          mainiacjoe_overflow_six_doors_small, lemuel_temple_firewalk_b,
          nicolae_shop_vocational
D:7:      layout_gridville, nicolae_overflow_hidden_temple
D:8:      layout_loops_ring, pdpol_wu_jian_five_deadly_venoms,
          mainiacjoe_overflow_24_doors, nicolae_gozag_zags_fifth_avenue,
          kennysheep_generic_room_15
D:9:      lemuel_castle_with_subvaults [lemuel_castle_interior_carwin_1],
          layout_stronghold, grunt_lair_entry_orc_guard_hut, serial_shops, shop

Skill      XL: |  1  2  3  4  5  6  7  8  9 10 |
---------------+-------------------------------+-----
Fighting       | 4 5 6 7 9 10 | 10.4
Axes           | 4 5 6 8 9 10 | 10.5
Armour         | 3 4 5 6 7 9 10 | 10.1
Dodging        | 3 4 5 6 8 9 |  9.3

Action                     |  1- 3 |  4- 6 |  7- 9 | 10-12 || total
---------------------------+-------+-------+-------+-------++-------
  Melee: Hand axe          |    83 |    76 |   429 |    96 ||   684
         Headbutt          |    19 |     9 |    90 |    22 ||   140
         Punch             |     1 |       |     6 |     3 ||    10
  Throw: Stone             |       |     5 |       |       ||     5
 Invoke: Berserk           |       |     1 |     2 |     1 ||     4
    Use: Scroll            |       |       |       |     1 ||     1
 Armour: Animal skin       |    22 |     6 |       |       ||    28
         Leather armour    |       |    22 |   174 |    29 ||   225
  Dodge: Dodged            |    53 |    52 |   287 |    60 ||   452

Table legend: (Time is in decaauts)
 A = Elapsed time spent in this place.
 B = Non-inter-level travel time spent in this place.
 C = Inter-level travel time spent in this place.
 D = Time resting spent in this place.
 E = Time spent auto-exploring this place.
 F = Levels seen in this place.
 G = Mean time per level.
                   A        B        C        D        E       F      G
               +--------+--------+--------+--------+--------+-----+--------+
         Total |   9230 |   8791 |    439 |    775 |   6566 |  10 |  923.0 |
       Dungeon |   8332 |   7893 |    439 |    649 |   6003 |   9 |  925.8 |
         Sewer |    898 |    898 |      0 |    126 |    563 |   1 |  898.0 |
               +--------+--------+--------+--------+--------+-----+--------+

Top non-repeatable levels by time:
     D:8: 1261 daAuts
     D:5: 1208 daAuts
     D:3: 1137 daAuts
     D:4: 1000 daAuts
     D:6: 900 daAuts
   Sewer: 898 daAuts
     D:7: 848 daAuts
     D:2: 738 daAuts
     D:1: 681 daAuts
     D:9: 554 daAuts
